 Dungeon Crawl Stone Soup version 0.27-a0-1154-gfdeffcb720 (webtiles) character file.

Game seed: 9175094268334580077

2776 avis the Reanimator (level 9, -1/59 (68) HPs)
             Began as a Deep Dwarf Necromancer on May 14, 2021.
             Was an Initiate of Makhleb.
             Slain by a wight
             ... wielding a +0 great sword
              (9 damage)
             ... on level 7 of the Dungeon on May 15, 2021.
             The game lasted 00:53:56 (7834 turns).

avis the Reanimator (Deep Dwarf Necromancer)        Turns: 7834, Time: 00:53:57

HP:   -1/59 (68)    AC: 15    Str: 18    XL:     9   Next: 42%
MP:   3/12          EV: 11    Int: 19    God:    Makhleb [......]
Gold: 131           SH:  7    Dex: 13    Spells: 8/12 levels left

rFire    + + .     SeeInvis .   a - +1 war axe (elec)
rCold    . . .     Faith    .   m - +2 buckler {reflect}
rNeg     . . .     Spirit   .   M - +2 scale mail {rF+}
rPois    .         Reflect  +   v - +1 helmet
rElec    .         Harm     .   J - +1 cloak {rCorr}
rCorr    +         Rampage  .   G - +0 pair of gloves
Will     +....                  o - +0 pair of boots
Stlth    +++.......             s - amulet of magic regeneration
HPRegen  0.00/turn              Q - ring of protection from fire
MPRegen  0.38/turn              d - +6 ring of strength

@: marked, studying Stealth, heavily drained
A: damage resistance, heal wounds, sense surroundings 2, no regeneration
a: Heal Wounds, Renounce Religion


You were on level 7 of the Dungeon.
You worshipped Makhleb.
Makhleb was noncommittal.
You visited 2 branches of the dungeon, and saw 8 of its levels.
You also visited: Sewer.

You collected 344 gold pieces.
You spent 213 gold pieces at shops.

Inventory:

Hand Weapons
 a - a +1 war axe of electrocution (weapon)
 b - a +2 dagger of venom
 p - a +0 dagger of chaos
 C - a +3 trident
 E - a +3 battleaxe
 F - a +5 great sword
Missiles
 f - 5 silver boomerangs
 r - 21 stones
 P - 4 boomerangs (quivered)
Armour
 m - a +2 buckler of reflection (worn)
 o - a +0 pair of boots (worn)
 v - a +1 helmet (worn)
 D - a scarf of resistance
 G - a +0 pair of gloves (worn)
 J - a +1 cloak of preservation (worn)
 M - a +2 scale mail of fire resistance (worn)
Jewellery
 d - a +6 ring of strength (right hand)
 k - an amulet of reflection
 s - an amulet of magic regeneration (around neck)
 t - a ring of ice
 B - an amulet of reflection
 K - a ring of fire
 Q - a ring of protection from fire (left hand)
Wands
 g - a wand of flame (7)
Scrolls
 c - 2 scrolls of magic mapping {unknown}
 h - 2 scrolls of enchant armour {unknown}
 i - a scroll of blinking {unknown}
 u - 4 scrolls of fog
 y - 3 scrolls of fear
 H - a scroll of immolation
 I - 4 scrolls of teleportation
Potions
 e - a potion of invisibility
 j - 2 potions of brilliance
 l - a potion of ambrosia {unknown}
 n - a potion of attraction {unknown}
 q - 4 potions of flight
 w - 3 potions of magic
 x - 3 potions of heal wounds
 z - a potion of might {unknown}
 A - 2 potions of curing
 S - a potion of experience {unknown}


   Skills:
 + Level 2.3 Maces & Flails
 + Level 2.2 Armour
 - Level 5.0 Dodging
 + Level 9.2 Stealth
 - Level 4.0 Shields
 - Level 2.0 Spellcasting
 - Level 10.0 Necromancy
 + Level 2.2 Invocations
 + Level 6.3 Evocations


You had 8 spell levels left.
You knew the following spells:

 Your Spells              Type           Power      Damage    Failure   Level
a - Pain                  Necr           100%       1d9       1%          1
d - Vampiric Draining     Necr           20%        2d8       2%          3

Your spell library contained the following spells:

 Spells                   Type           Power      Damage    Failure   Level
 Animate Skeleton         Necr           80%        N/A       1%          1
 Animate Dead             Necr           20%        N/A       9%          4
 Agony                    Necr           40%        N/A       24%         5


Dungeon Overview and Level Annotations

Branches:
Dungeon (7/15)             Temple (1/1) D:6           Sewer (visited)

Altars:
Ashenzari
Cheibriados
Dithmenos
Elyvilon
Fedhas
Gozag
Hepliaklqana
Kikubaaqudgha
Makhleb
Nemelex Xobeh
Okawaru
Qazlal
Ru
Sif Muna
Trog
Uskayaw
Vehumet
Wu Jian
Xom
Yredelemnul
Zin
The Shining One

Shops:
D:6 ?

Annotations:
D:3 3 runed translucent doors, ZappyNine's ghost, amateur FoFi
D:4 1 runed translucent door, DarkMailMan's ghost, weakling GrFi
D:7 Dowan; Duvessa; Harold


Innate Abilities, Weirdness & Mutations

You are resistant to damage.
You can heal yourself by infusing magical energy.
You passively map the area around you.
You do not regenerate.


Message History

The wight hits you with a +0 great sword!
* * * LOW HITPOINT WARNING * * *
You feel drained. Harold barely misses you.
You feel much better. You block the wight's attack.
The wight barely misses you. The wight closely misses you.
Harold hits you with a +0 hand axe!
Casting: Vampiric Draining (dangerous; 2% risk of failure)
Confirm with . or Enter, or press ? or * to list all spells.
Aiming: Vampiric Draining (dangerous; 2% risk of failure)
Press: ? - help, Shift-Dir - straight line, f/p - Harold
Aim: Harold, wielding a +0 hand axe, wearing a +0 chain mail and quivering 3 throwing nets (severely wounded)
You draw life force from Harold.
You feel life coursing into your body.
The wight hits you with a +0 long sword.
You feel drained.
The wight hits you but does no damage. x2
Harold hits you with a +0 hand axe!
* * * LOW HITPOINT WARNING * * *
You hit Harold.
Harold is almost dead.
You hit the wight. Lightning courses through the wight!
You destroy the wight!
Makhleb accepts your kill.
You barely miss the wight. You closely miss the wight.
You block the wight's attack. Harold casts a spell at you.
The mark upon you grows brighter. The wight hits you but does no damage.
You hit the wight.
The wight is severely damaged.
You slash Harold! You completely miss the wight.
The wight hits you with a +0 long sword.
You feel drained. Harold hits you but does no damage.
The wight closely misses you.
Unknown command.
You slash the wight!
You destroy the wight!
Makhleb accepts your kill.
You hit Harold but do no damage. You hit the wight but do no damage.
Harold hits you with a +0 hand axe.
* * * LOW HITPOINT WARNING * * *
The wight hits you with a +0 great sword!
You die...

#########.........#.#....#
*
#...).............#...#+##
##
#.....................#.#
#.
#................###..#.###
#. #................
##.....# #.
#.......(......##*
#.#.#.###. #.......)......#
#...#..... #..............#
##..###### #.......$...z@.#
#.>......
#...........))@#**
,.########
#############...., .. ..##
#...... .. ,, #.##
#........,, ,#.## #........
#.###... #.!....!. #.....##
#........ #####.## ** #.#.


You could see Harold and a wight.

Vanquished Creatures
  Grinder (D:3)
  3 yaks
  Menkaure (D:5)
  Edmund (D:5)
  2 water moccasins
  A necrophage (Temple)
  An ogre (D:5)
  A phantom (D:5)
  2 centaurs (D:4)
  Blork the orc (D:5)
  2 bullfrogs (Sewer)
  A water moccasin zombie (D:5)
  2 water moccasin skeletons (D:4)
  7 wights
  A howler monkey (D:5)
  A crimson imp (D:6)
  A bullfrog zombie (D:5)
  3 hounds
  Crazy Yiuf (D:3)
  An iguana (D:5)
  2 orc wizards
  Natasha (thrice) (D:3)
  A howler monkey zombie (D:6)
  7 river rats
  14 adders
  3 ufetubi (D:5)
  2 worms
  A dart slug (D:4)
  11 orcs
  8 bats
  7 endoplasms
  3 giant cockroaches
  5 goblins
  8 hobgoblins
  2 quokkas (D:1)
  17 ball pythons
  5 frilled lizards
  6 kobolds
  29 rats
168 creatures vanquished.

Notes
Turn   | Place    | Note
-------+----------+-------------------------------------------
     0 | D:1      | avis the Deep Dwarf Necromancer began the quest for the
                  | Orb.
     0 | D:1      | Reached XP level 1. HP: 15/15 MP: 3/3
   292 | D:1      | Reached XP level 2. HP: 22/22 MP: 1/4
   749 | D:1      | Found a faded altar of an unknown god.
  1015 | D:2      | Found a white marble altar of Elyvilon.
  1172 | D:2      | Reached skill level 1 in Shields
  1172 | D:2      | Reached XP level 3. HP: 28/28 MP: 0/6
  1231 | D:2      | Learned a level 3 spell: Vampiric Draining
  1419 | D:2      | Reached skill level 5 in Necromancy
  1522 | D:3      | Noticed Natasha
  1525 | D:3      | Killed Natasha
  1526 | D:3      | Reached XP level 4. HP: 30/36 MP: 3/7
  1612 | D:3      | Found a broken altar of Ashenzari.
  1612 | D:3      | Found a blossoming altar of Fedhas.
  1612 | D:3      | Noticed Natasha
  1859 | D:3      | Killed Natasha
  1906 | D:3      | Found a glowing silver altar of Zin.
  1906 | D:3      | Found a radiant altar of Vehumet.
  1914 | D:3      | Found a shimmering blue altar of Sif Muna.
  2076 | D:3      | Found a runed translucent gate.
  2076 | D:3      | Found a runed translucent gate.
  2076 | D:3      | Found a runed translucent gate.
  2079 | D:3      | Noticed ZappyNine's ghost (amateur FoFi)
  2099 | D:3      | Noticed a water moccasin
  2304 | D:3      | Noticed Grinder
  2310 | D:3      | Paralysed by Grinder for 2 turns
  2375 | D:3      | Noticed Natasha
  2381 | D:3      | Killed Natasha
  2382 | D:3      | Reached XP level 5. HP: 40/42 MP: 1/8
  2755 | D:3      | Paralysed by Grinder for 5 turns
  2765 | D:3      | Killed Grinder
  2766 | D:3      | Reached skill level 7 in Necromancy
  2766 | D:3      | Reached XP level 6. HP: 43/49 MP: 9/9
  2942 | D:3      | You fall into a shaft and drop 1 floor!
  2942 | D:4      | Found a glowing drain.
  3000 | Sewer    | Entered a sewer
  3594 | Sewer    | Reached skill level 1 in Evocations
  3816 | Sewer    | Reached XP level 7. HP: 48/55 MP: 5/10
  3935 | D:4      | Reached skill level 8 in Necromancy
  4513 | D:4      | Found a runed translucent door.
  4513 | D:4      | Noticed DarkMailMan's ghost (weakling GrFi)
  4621 | D:4      | Found an ancient bone altar of Kikubaaqudgha.
  4779 | D:5      | Entered Level 5 of the Dungeon
  4961 | D:3      | Found a runed translucent door.
  4962 | D:3      | Noticed Crazy Yiuf
  4967 | D:3      | Killed Crazy Yiuf
  5208 | D:5      | Reached skill level 5 in Stealth
  5208 | D:5      | Reached XP level 8. HP: 35/62 MP: 2/11
  5456 | D:5      | Found a basalt altar of Yredelemnul.
  5458 | D:5      | Noticed a profane servitor
  5469 | D:5      | Found a glowing golden altar of the Shining One.
  5472 | D:5      | Noticed an angel
  5765 | D:5      | Noticed Edmund
  5785 | D:5      | Killed Edmund
  5928 | D:5      | Noticed Blork the orc
  5953 | D:5      | Killed Blork the orc
  5954 | D:5      | Reached skill level 9 in Necromancy
  6115 | D:5      | Noticed Menkaure
  6119 | D:5      | Killed Menkaure
  6120 | D:5      | Reached skill level 5 in Dodging
  6284 | D:6      | Reached skill level 5 in Evocations
  6422 | D:5      | Gained mutation: You passively map the area around you.
                  | [Deep Dwarf growth]
  6422 | D:5      | Reached XP level 9. HP: 67/68 MP: 5/12
  6501 | D:6      | Found Zihoewka's Magic Scroll Shop.
  6522 | D:6      | Bought a scroll of fog for 22 gold pieces
  6522 | D:6      | Bought a scroll of fear for 38 gold pieces
  6522 | D:6      | Bought a scroll of noise for 11 gold pieces
  6522 | D:6      | Bought a scroll of amnesia for 38 gold pieces
  6522 | D:6      | Bought a scroll of enchant weapon for 82 gold pieces
  6589 | D:6      | Found a snail-covered altar of Cheibriados.
  6685 | D:6      | Found a staircase to the Ecumenical Temple.
  6697 | Temple   | Entered the Ecumenical Temple
  6716 | D:6      | Reached skill level 1 in Maces & Flails
  6968 | D:6      | Reached skill level 10 in Necromancy
  7002 | D:6      | Bought a scroll of identify for 22 gold pieces
  7175 | D:6      | Found a shimmering altar of Xom.
  7175 | D:6      | Found a burning altar of Makhleb.
  7183 | D:6      | Became a worshipper of Makhleb the Destroyer
  7413 | D:7      | Noticed Duvessa
  7413 | D:7      | Noticed Dowan
  7469 | D:6      | Reached skill level 1 in Armour
  7469 | D:6      | Reached skill level 1 in Invocations
  7818 | D:7      | Noticed Harold
  7834 | D:7      | Slain by a wight

Illustrated notes

Levels and vault maps discovered:
D:1:      ebering_trefoil_3fold, layout_basic, ebering_ecumenical_altar_mist
D:2:      layout_rooms, basic_altar, kennysheep_generic_room_16
D:3:      layout_basic, grunt_temple_overflow_open, gammafunk_ghost_split,
          uniq_crazy_yiuf_cottage, uniq_natasha, uniq_grinder
D:4:      layout_cave_pools, marbit_many_paths, ebering_ghost_inner_flame,
          portal_sewer_entry_a, minmay_manual_mares
D:5:      layout_rooms, grunt_temple_overflow_holy_war, minmay_diced_spiral,
          uniq_edmund, uniq_menkaure, uniq_blork_the_orc
D:6:      layout_loops_ring, grunt_temple_overflow_champion_of_chaos,
          slow_altar_1, minmay_temple_entry_large_hall, serial_shops, shop_coins
D:7:      layout_basic, uniq_harold, uniq_duvessa
Temple:   jpeg_temple_clearing

Skill      XL: |  1  2  3  4  5  6  7  8  9 |
---------------+----------------------------+-----
Spellcasting   | 2 |  2.0
Shields        | 1 2 3 4 |  4.0
Necromancy     | 5 7 8 9 10 | 10.0
Stealth        | 3 5 8 9 |  9.2
Evocations     | 1 3 5 6 |  6.3
Dodging        | 3 4 5 |  5.0
Maces & Flails | 2 |  2.3
Armour         | 2 |  2.2
Invocations    | 2 |  2.2

Action                   |  1- 3 |  4- 6 |  7- 9 || total
-------------------------+-------+-------+-------++-------
Melee: Unarmed           |     5 |       |       ||     5
       Short sword       |     1 |       |       ||     1
       Dagger            |     4 |    35 |    62 ||   101
       Quarterstaff      |       |       |    10 ||    10
       War axe           |       |       |   140 ||   140
Throw: Boomerang         |    17 |     8 |       ||    25
       Stone             |       |    20 |       ||    20
 Cast: Pain              |    48 |    99 |     8 ||   155
       Vampiric Draining |     1 |    10 |    46 ||    57
 Abil: Heal Wounds       |       |     2 |     2 ||     4
Evoke: Wand              |       |     4 |    17 ||    21
  Use: Scroll            |       |     3 |     5 ||     8
 Stab: Sleeping          |     2 |       |     2 ||     4
Armor: Robe              |     5 |       |       ||     5
       Leather armour    |     2 |    17 |    23 ||    42
       Scale mail        |       |       |    65 ||    65
Dodge: Dodged            |    12 |    29 |   110 ||   151
Block: Buckler           |     2 |    37 |   154 ||   193
       Reflection        |       |     1 |     2 ||     3
       Other             |       |       |     4 ||     4

Table legend: (Time is in decaauts)
 A = Elapsed time spent in this place.
 B = Non-inter-level travel time spent in this place.
 C = Inter-level travel time spent in this place.
 D = Time resting spent in this place.
 E = Time spent auto-exploring this place.
 F = Levels seen in this place.
 G = Mean time per level.
                   A        B        C        D        E       F      G
               +--------+--------+--------+--------+--------+-----+--------+
         Total |   7992 |   7525 |    467 |   2519 |   2814 |   9 |  888.0 |
       Dungeon |   6803 |   6348 |    455 |   1985 |   2655 |   7 |  971.9 |
        Temple |    204 |    192 |     12 |      0 |    159 |   1 |  204.0 |
         Sewer |    984 |    984 |      0 |    534 |      0 |   1 |  984.0 |
               +--------+--------+--------+--------+--------+-----+--------+

Top non-repeatable levels by time:
     D:3: 1330 daAuts
     D:5: 1289 daAuts
     D:4: 1088 daAuts
     D:1: 1014 daAuts
   Sewer: 984 daAuts
     D:2: 882 daAuts
     D:6: 850 daAuts
     D:7: 347 daAuts
  Temple: 204 daAuts
